 Dungeon Crawl Stone Soup version 0.27-a0-1332-g84bddb5ca7 (webtiles) character file.

Game seed: 10396208012170855456

1610 spiderkeys the Agent of Entropy (level 8, -15/57 HPs)
             Began as an Octopode Abyssal Knight on June 25, 2021.
             Was a Priest of Lugonu.
             Killed from afar by Maggie (28 damage)
             ... with a bolt of fire
             ... on level 6 of the Dungeon.
             The game lasted 00:11:35 (7161 turns).

spiderkeys the Agent of Entropy (OpAK)              Turns: 7161, Time: 00:11:36

Health: -15/57     AC:  1    Str: 14    XL:     8   Next: 95%
Magic:  12/12      EV: 11    Int: 14    God:    Lugonu [***...]
Gold:   348        SH:  6    Dex: 11    Spells: 7/7 levels left

rFire    . . .     SeeInvis .   D - +0 trident
rCold    . . .     Faith    .   s - +0 kite shield
rNeg     . . .     Spirit   .   (helmet restricted)
rPois    +         Reflect  .   g - amulet of regeneration
rElec    .         Harm     .   Z - ring of wizardry
rCorr    .         Rampage  .   P - ring of poison resistance
Will     .....                  (no ring)
Stlth    ++........             (no ring)
HPRegen  1.19/turn              (no ring)
MPRegen  0.13/turn              (no ring)
                                (no ring)
                                (no ring)

@: mesmerised
A: almost no armour, amphibious, 8 rings, camouflage 1, gelatinous body 1,
(nimble swimmer 1), tentacles
a: Renounce Religion, Depart the Abyss, Bend Space, Banish


You were on level 6 of the Dungeon.
You worshipped Lugonu.
Lugonu was most pleased with you.
You visited 1 branch of the dungeon, and saw 7 of its levels.
You visited the Abyss 1 time.

You collected 348 gold pieces.


Innate Abilities, Weirdness & Mutations

You cannot wear most types of armour.
You are amphibious.
You can wear up to eight rings at the same time.
Your skin changes colour to match your surroundings (Stealth+).
Your rubbery body absorbs attacks. (AC +1, EV +1)
((You are camouflaged near water. (Stealth+)))
You have tentacles for arms and can constrict up to eight enemies at once.


   Skills:
 + Level 6.2 Fighting
 + Level 5.8 Polearms
 + Level 5.9 Dodging
 + Level 6.2 Invocations


You had 7 spell levels left.
You didn't know any spells.
Your spell library contained the following spells:

 Spells                   Type           Power      Damage    Failure   Level
 Animate Skeleton         Necr           0%         N/A       58%         1
 Apportation              Tloc           0%         N/A       58%         1
 Corona                   Hex            0%         N/A       58%         1
 Freeze                   Ice            0%         1d3       58%         1
 Magic Dart               Conj           0%         1d3       58%         1
 Shock                    Conj/Air       0%         1d3       58%         1
 Summon Small Mammal      Summ           0%         N/A       58%         1
 Searing Ray              Conj           0%         3d3       73%         2
 Static Discharge         Conj/Air       0%         N/A       73%         2
 Confusing Touch          Hex            0%         N/A       91%         3
 Dazzling Flash           Conj/Hex       0%         N/A       91%         3
 Frozen Ramparts          Ice            0%         1d2       91%         3
 Gell's Gravitas          Tloc           0%         N/A       91%         3
 Ozocubu's Armour         Ice            0%         N/A       91%         3
 Swiftness                Air            0%         N/A       91%         3
 Airstrike                Air            0%         N/A       100%        4
 Fulminant Prism          Conj/Hex       0%         3d6       100%        4
 Hailstorm                Conj/Ice       0%         3d3       100%        4
 Iskenderun's Mystic Bla  Conj/Tloc      0%         2d3       100%        4
 Petrify                  Tmut/Erth      0%         N/A       100%        4
 Bolt of Magma            Conj/Fire/Erth 0%         4d4       100%        5
 Iskenderun's Battlesphe  Conj           0%         2d6       100%        5
 Lightning Bolt           Conj/Air       0%         1d11      100%        5
 Metabolic Englaciation   Hex/Ice        0%         N/A       100%        5
 Yara's Violent Unravell  Hex/Tmut       0%         3d3       100%        5
 Iron Shot                Conj/Erth      0%         9d1       100%        6
 Orb of Destruction       Conj           0%         N/A       100%        7
 Spellforged Servitor     Conj/Summ      0%         N/A       100%        7

Inventory:

Hand Weapons
 a - a +1 spear
 D - a +0 trident (weapon)
   (You took it off an orc on level 5 of the Dungeon)
Missiles
 f - 109 arrows
 j - 69 stones
 k - 34 poisoned darts
 l - 65 sling bullets
 n - 3 atropa-tipped darts
 r - a throwing net {=f!f}
 w - 57 bolts
 z - 7 javelins
Armour
 s - a +0 kite shield (worn)
   (You found it on level 4 of the Dungeon)
Magical Staves
 u - a staff of fire {!a}
   (You found it on level 7 of the Dungeon)
 y - a staff of cold {!a}
   (You found it on level 5 of the Dungeon)
Jewellery
 g - an amulet of regeneration (around mantle)
   (You found it on level 6 of the Dungeon)
 G - an amulet of guardian spirit
   (You found it on level 5 of the Dungeon)
 P - a ring of poison resistance (right tentacle)
   (You found it on level 5 of the Dungeon)
 Z - a ring of wizardry (left tentacle)
   (You found it on level 3 of the Dungeon)
Wands
 B - a wand of mindburst (17)
   (You found it on level 5 of the Dungeon)
 C - a wand of iceblast (6)
   (You found it on level 5 of the Dungeon)
Scrolls
 e - 3 scrolls of teleportation {@r4}
 m - 3 scrolls of amnesia
 q - a scroll of silence {!r}
 t - a scroll of blinking {!r}
 v - 2 scrolls of immolation {!r!r}
 A - a scroll of fear
Potions
 b - a potion of cancellation
 c - a potion of flight
 d - a potion of lignification {!q}
 h - a potion of attraction {!q}
 i - a potion of degeneration {unknown}
 o - 2 potions of curing {unknown}
 p - a potion of heal wounds {unknown}

Dungeon Overview and Level Annotations

Branches:
Dungeon (7/15)             Temple (0/1) D:5

Altars:
Gozag

Shops:
D:5 *

Annotations:
D:6 2 transporters, Maggie

#.# ###########<..###
#.# ########.....###
#.# #.....##.......#
#.# #>....##.....#.#
#.# #.....###...##.#
#.# ..... ######)# #.#
... #...## #.# #@#
######.#..# #.# #@#
#...)....## #.#
#.###.#####.## #.#
#........##.#
#.###########....<...#
##
#........####........#
#.
########........#.####
#. ######.###.# #.
##.##.###.# #.
#.#.......# ####.


You could see Maggie (mesmerising).


Message History

Lugonu accepts your kill.
You hit the orc. You grab the orc. You squeeze the orc.
You kill the orc!
Lugonu accepts your kill.
You reach to attack!
You closely miss the orc. The orc misses you.
You hit the orc. Your grab misses the orc. The orc misses you.
You closely miss the orc. You grab the orc. You constrict the orc.
You kill the orc!
Lugonu accepts your kill.
You hit the orc. Your grab misses the orc. You block the orc's attack.
You hit the orc but do no damage. You grab the orc. You constrict the orc.
The orc barely misses you.
The orc hits you with a +0 club. 😕 HP[-3]
You take 3 damage, and now have 54/57 hp.
You hit the orc.
You kill the orc!
Lugonu accepts your kill. 😕 HP[+2]
You regained 2 hp, and now have 56/57 hp.
You hit the orc. Your grab misses the orc. You block the orc's attack. 😎 HP[+1]
Your hp is fully restored (57).
You hit the orc. You grab the orc. You squeeze the orc, but do no damage.
You constrict the orc.
You kill the orc!
Lugonu accepts your kill.
No target in view!
No target in view!
Items here: ))))) [[ †††.
An orc comes into view. It is wielding a +0 short sword.
An orc is nearby!
The orc shouts!
You reach to attack!
You puncture the orc!
You kill the orc!
Lugonu accepts your kill.
No target in view!
No target in view!
No target in view!
Things that are here:
a +0 short sword; an orc corpse
Found a stone staircase leading up.
A jelly comes into view.
The jelly moves out of view.
No target in view!
A jelly is nearby!
A jelly is nearby!
A jelly is nearby!
You reach to attack!
The jelly quivers.
You puncture the jelly! You hit the jelly.
Your tentacles burn!
You squeeze the jelly.
You kill the jelly!
Lugonu accepts your kill.
No target in view!
No target in view!
Key pressed, stopping explore.
w - 57 bolts (gained 16)
You now have 348 gold pieces (gained 19).
Key pressed, stopping explore.
Maggie the Vainglorious comes into view.
She is wielding a +2 morningstar of flaming.
Found an escape hatch in the floor.
You reach to attack!
The helpless Maggie fails to defend herself.
You hit Maggie. You barely miss Maggie. Your grab misses Maggie.
Maggie barely misses you.
You puncture Maggie! Your grab misses Maggie.
Maggie mumbles some strange words.
Maggie attempts to bespell you! You resist with some effort. Maggie misses you.
You hit Maggie. You grab Maggie. You constrict Maggie.
Maggie mumbles some strange words.
Maggie attempts to bespell you! You resist with some effort.
You hit Maggie. You constrict Maggie.
Maggie casts a spell.
Maggie attempts to bespell you!
You are mesmerised by Maggie!
You hit Maggie but do no damage. You constrict Maggie.
Maggie says, "Leave now, and tell all of Margery's mercy!"
Maggie barely misses you.
Maggie hits you with a +2 morningstar of flaming!
Maggie burns you. 😕 HP[-13]
You take 13 damage, and now have 44/57 hp.
MASSIVE DAMAGE!! (PAUSE)
You hit Maggie. You constrict Maggie.
Maggie hits you with a +2 morningstar of flaming!
Maggie burns you. 😮 HP[-10]
You take 10 damage, and now have 34/57 hp.
Your shield prevents you from hitting Maggie.
You constrict Maggie. Maggie barely misses you. 😮 HP[+2]
You regained 2 hp, and now have 36/57 hp.
You completely miss Maggie. You constrict Maggie.
Maggie hits you with a +2 morningstar of flaming!!
* * * LOW HITPOINT WARNING * * *
Maggie burns you.
* * * LOW HITPOINT WARNING * * *
Maggie casts a spell at you. The bolt of fire hits you!!
You die...

Skill      XL: |  1  2  3  4  5  6  7  8 |
---------------+-------------------------+-----
Dodging        | 3 4 5 |  5.9
Invocations    | 3 4 5 6 |  6.2
Polearms       | 3 4 5 |  5.8
Fighting       | 4 5 6 |  6.2

Action                   |  1- 3 |  4- 6 |  7- 9 || total
-------------------------+-------+-------+-------++-------
Melee: Spear             |    90 |   132 |   148 ||   370
       Constrict         |    14 |    25 |    34 ||    73
       Tentacles         |     7 |    20 |    37 ||    64
       Trident           |       |       |    71 ||    71
Throw: Dart              |       |     2 |    12 ||    14
Invok: Depart the Abyss  |     1 |       |       ||     1
       Banish            |       |     1 |       ||     1
       Bend Space        |       |       |     4 ||     4
Evoke: Wand              |       |       |     2 ||     2
  Use: Potion            |       |     4 |       ||     4
       Scroll            |       |       |     7 ||     7
 Stab: Sleeping          |     8 |     3 |     6 ||    17
       Distracted        |     1 |       |       ||     1
Armor: Skin              |    11 |     5 |     4 ||    20
Dodge: Dodged            |    58 |    41 |    96 ||   195
Block: Kite shield       |       |     3 |    57 ||    60

Levels and vault maps discovered:
D:1:      lordsloth_arrival_two_stooges, layout_rooms, minmay_lizard_king
D:2:      layout_loops_cross, chequers_ecumenical_altar_simple
D:3:      layout_loops_ring, grunt_ministairs_4, serial_bayou_lagoon_b
D:4:      layout_gridville, grunt_gozag_statues, uniq_grinder
D:5:      layout_layer_cave, minmay_temple_entry_offerings, guppyfry_shop_venom
D:6:      gammafunk_wand_slinger, layout_loops_cross, uniq_maggie
D:7:      layout_loops_ring, minmay_misc_feat_square, serial_bayou_crossing

Notes
Turn   | Place    | Note
-------+----------+-------------------------------------------
     0 | Abyss:1  | spiderkeys the Octopode Abyssal Knight began the quest for
                  | the Orb.
     0 | Abyss:1  | Reached XP level 1. HP: 16/16 MP: 2/2
     0 | Abyss:1  | magus.rc [v1.9.10]
    15 | Abyss:1  | Noticed a fire dragon skeleton
    17 | Abyss:1  | Noticed a quicksilver dragon skeleton
    17 | Abyss:1  | Noticed an ice dragon zombie
    17 | Abyss:1  | Noticed a stone giant zombie
    20 | Abyss:1  | Noticed a necromancer
    84 | Abyss:2  | Noticed a cyan very ugly thing
    86 | D:1      | You pass through the gate.
    86 | D:1      | Escaped the Abyss
   186 | D:1      | Reached XP level 2. HP: 20/21 MP: 3/3
   192 | D:1      | Reached * piety under Lugonu
   265 | D:1      | Reached XP level 3. HP: 16/26 MP: 4/4
   554 | D:1      | Reached ** piety under Lugonu
   772 | D:1      | You pick up a book of Misfortune and begin reading...
   772 | D:1      | You add the spells Confusing Touch, Gell's Gravitas,
                  | Petrify, Metabolic Englaciation and Yara's Violent
                  | Unravelling to your library.
   893 | D:1      | Reached skill level 3 in Dodging
  1069 | D:2      | Reached XP level 4. HP: 23/31 MP: 6/6
  1614 | D:2      | Found a faded altar of an unknown god.
  1892 | D:3      | Reached skill level 3 in Invocations
  2061 | D:3      | Reached skill level 3 in Polearms
  2061 | D:3      | Reached XP level 5. HP: 37/37 MP: 7/7
  2414 | D:3      | HP: 6/37 [something (5)]
  2955 | D:3      | Reached *** piety under Lugonu
  3065 | D:3      | Reached skill level 4 in Fighting
  3503 | D:3      | magus.rc [v1.9.10]
  3628 | D:4      | Reached XP level 6. HP: 36/43 MP: 8/8
  3674 | D:4      | You pick up a book of Cantrips and begin reading...
  3674 | D:4      | You add the spells Corona, Animate Skeleton, Summon Small
                  | Mammal and Apportation to your library.
  3741 | D:4      | Found an opulent altar of Gozag.
  3810 | D:4      | Noticed Grinder
  3858 | D:4      | HP: 4/43 [Grinder (8)]
  3858 | D:4      | HP: 1/43 [Grinder (3)]
  3862 | D:4      | Killed Grinder
  3863 | D:4      | Reached skill level 4 in Polearms
  3863 | D:4      | Reached skill level 4 in Dodging
  3863 | D:4      | Reached skill level 4 in Invocations
  3863 | D:4      | Reached XP level 7. HP: 2/49 MP: 5/10
  4396 | D:4      | You fall into a shaft and drop 3 floors!
  4677 | D:6      | Found a transporter.
  4766 | D:6      | You pick up a book of Air and begin reading...
  4766 | D:6      | You add the spells Shock, Static Discharge, Swiftness,
                  | Airstrike and Lightning Bolt to your library.
  4790 | D:5      | Entered Level 5 of the Dungeon
  4794 | D:5      | You pick up a book of Conjurations and begin reading...
  4794 | D:5      | You add the spells Magic Dart, Searing Ray, Dazzling Flash,
                  | Fulminant Prism and Iskenderun's Mystic Blast to your
                  | library.
  5078 | D:4      | Reached skill level 5 in Fighting
  5232 | D:5      | Reached skill level 5 in Invocations
  5293 | D:5      | Reached XP level 8. HP: 29/55 MP: 11/11
  5359 | D:5      | Found a staircase to the Ecumenical Temple.
  5366 | D:5      | You pick up a book of Power and begin reading...
  5366 | D:5      | You add the spells Iskenderun's Battlesphere, Bolt of
                  | Magma, Iron Shot, Orb of Destruction and Spellforged
                  | Servitor to your library.
  5378 | D:5      | Reached skill level 5 in Dodging
  5675 | D:5      | Reached skill level 5 in Polearms
  5690 | D:5      | You pick up a book of Frost and begin reading...
  5690 | D:5      | You add the spells Freeze, Frozen Ramparts, Ozocubu's
                  | Armour and Hailstorm to your library.
  6334 | D:5      | HP: 3/57 [ogre (32)]
  6540 | D:5      | Found Dus Dil's Serpentskin Sales.
  6840 | D:6      | Found a transporter.
  6841 | D:6      | Noticed a kobold demonologist
  6850 | D:6      | Noticed a kobold demonologist
  6873 | D:6      | Reached skill level 6 in Fighting
  6873 | D:6      | Reached skill level 6 in Invocations
  7150 | D:6      | Noticed Maggie
  7161 | D:6      | HP: 13/57 [Maggie (3)]
  7161 | D:6      | Killed from afar by Maggie

Vanquished Creatures
  Grinder (D:4)
  An ice beast (D:5)
  A black bear (D:6)
  A necrophage (D:6)
  3 ogres (D:5)
  A scorpion (D:4)
  A water moccasin zombie (D:5)
  A howler monkey (D:7)
  2 bullfrog zombies
  2 hounds
  2 jellies
  2 centaur skeletons (D:5)
  4 iguanas
  2 orc wizards
  15 adders
  7 gnolls
  A shadow imp (D:5)
  An ufetubus (D:5)
  A worm (D:4)
  6 dart slugs
  19 orcs
  8 bats
  9 endoplasms
  2 giant cockroaches
  5 goblins
  5 hobgoblins
  2 jackals (D:1)
  5 kobolds
  2 quokkas (D:1)
  6 ball pythons
  16 frilled lizards
  6 rats
140 creatures vanquished.

Vanquished Creatures (others)
  12 plants
12 creatures vanquished.

Grand Total: 152 creatures vanquished

Table legend:
 A = Non-vault XP
 B = Vault XP
 C = Vault XP percentage of total XP
 D = Non-vault monster count
 E = Vault monster count
 F = Vault count percentage of total count
                 A         B        C        D         E       F
            +---------+---------+-------+---------+---------+-------
      Total |    1953 |     348 |  15.1 |     122 |      18 |  12.9
            +---------+---------+-------+---------+---------+-------
        D:1 |      63 |      11 |  14.9 |      32 |      11 |  25.6
        D:2 |      45 |       0 |   0.0 |      12 |       0 |   0.0
        D:3 |     179 |       3 |   1.6 |      29 |       2 |   6.5
        D:4 |     310 |     281 |  47.5 |      18 |       1 |   5.3
        D:5 |     815 |      53 |   6.1 |      16 |       4 |  20.0
        D:6 |     440 |       0 |   0.0 |      13 |       0 |   0.0
        D:7 |     101 |       0 |   0.0 |       2 |       0 |   0.0
            +---------+---------+-------+---------+---------+-------

Illustrated notes

Table legend:
 A = Kills in this place as a percentage of kills in entire the game.
 B = Kills by you in this place as a percentage of kills by you in the entire game.
 C = Kills by friends in this place as a percentage of kills by friends in the entire game.
 D = Other kills in this place as a percentage of other kills in the entire game.
 E = Experience gained in this place as a percentage of experience gained in the entire game.
 F = Experience gained in this place divided by the number of levels of this place that you have seen.
                   A       B       C       D       E      F
               +-------+-------+-------+-------+-------+----------------------
         Total | 100.0 | 100.0 |   N/A |   N/A | 100.0 | 255.7
       Dungeon | 100.0 | 100.0 |   N/A |   N/A | 100.0 | 328.7
               +-------+-------+-------+-------+-------+----------------------

Table legend: (Time is in decaauts)
 A = Elapsed time spent in this place.
 B = Non-inter-level travel time spent in this place.
 C = Inter-level travel time spent in this place.
 D = Time resting spent in this place.
 E = Time spent auto-exploring this place.
 F = Levels seen in this place.
 G = Mean time per level.
                   A        B        C        D        E       F      G
               +--------+--------+--------+--------+--------+-----+--------+
         Total |   7207 |   6998 |    209 |    343 |   5381 |   9 |  800.8 |
       Dungeon |   7121 |   6912 |    209 |    343 |   5379 |   7 | 1017.3 |
         Abyss |     85 |     85 |      0 |      0 |      2 |   2 |   42.5 |
               +--------+--------+--------+--------+--------+-----+--------+

Top non-repeatable levels by time:
     D:3: 1913 daAuts
     D:5: 1661 daAuts
     D:4: 1016 daAuts
     D:2: 865 daAuts
     D:1: 863 daAuts
     D:6: 524 daAuts
     D:7: 276 daAuts
 Abyss:2: 63 daAuts
 Abyss:1: 22 daAuts
